 Dungeon Crawl Stone Soup version 0.25-a0-35-g747a2b3c0c (webtiles) character file.

Game seed: 2738006415361627076, levelgen mode: deterministic

513 Flugkiller the Ducker (level 7, 0/75 HPs)
             Began as an Octopode Berserker on Oct 17, 2019.
             Was a Believer of Trog.
             Slain by a gnoll sergeant
             ... wielding a +1 spear of flaming
              (5 damage)
             ... on level 6 of the Dungeon.
             The game lasted 00:04:08 (4108 turns).

Flugkiller the Ducker (Octopode Berserker)          Turns: 4108, Time: 00:04:08

Health: 0/75       AC:  1    Str: 22    XL:     7   Next: 19%
Magic:  9/9        EV: 17    Int:  9    God:    Trog [**....]
Gold:   124        SH:  0    Dex: 18    Spells: 6/6 levels left

rFire    . . .     SeeInvis .   w - +11 plutonium sword {*Contam Stlth-}
rCold    . . .     Gourm    .   (shield currently unavailable)
rNeg     . . .     Faith    .   (helmet restricted)
rPois    .         Spirit   .   y - amulet of inaccuracy (curse)
rElec    .         Reflect  .   e - +5 ring of dexterity
rCorr    .         Harm     .   (no ring)
MR       ++...                  (no ring)
Stlth    ..........             (no ring)
HPRegen  1.22/turn              (no ring)
MPRegen  0.11/turn              (no ring)
                                (no ring)
                                (no ring)

@: berserking, regenerating, very quick
A: almost no armour, stealthy swim, amphibious, 8 rings, constrict 8, camouflage
1, gelatinous body 1
a: Berserk, Trog's Hand, Renounce Religion


You were on level 6 of the Dungeon.
You worshipped Trog.
Trog was pleased with you.
You were near starving.

You visited 1 branch of the dungeon, and saw 5 of its levels.

You collected 124 gold pieces.

Inventory:

Hand Weapons
 a - a +0 spear
 f - a +2 antimagic short sword
   (You found it on level 1 of the Dungeon)
 i - a +0 dagger of electrocution
   (You found it on level 1 of the Dungeon)
 s - a +0 trident
   (You took it off an orc on level 3 of the Dungeon)
 v - a +3 quarterstaff of chaos
   (You took it off Crazy Yiuf on level 3 of the Dungeon)
 w - the +11 plutonium sword (weapon) {*Contam Stlth-}
   (You found it on level 4 of the Dungeon)

   It causes magical contamination when unequipped.
   It makes you less stealthy.
Missiles
 k - 14 poisoned darts (quivered)
 t - 3 boomerangs
Jewellery
 e - a +5 ring of dexterity (left tentacle)
   (You found it on level 1 of the Dungeon)
 y - a cursed amulet of inaccuracy (around mantle)
   (You found it on level 4 of the Dungeon)
Wands
 q - a wand of disintegration (10)
   (You found it on level 3 of the Dungeon)
Scrolls
 c - a scroll of immolation {unknown}
 j - a scroll of magic mapping {unknown}
 l - a scroll of noise {unknown}
 m - a scroll of fog {unknown}
 n - a scroll of amnesia {unknown}
 x - a scroll of fear {unknown}
Potions
 b - 3 potions of heal wounds
 g - 2 potions of ambrosia
 o - a potion of brilliance {unknown}
 p - a potion of might {unknown}
 r - a potion of mutation {unknown}
Comestibles
 d - 5 rations


   Skills:
 + Level 5.3 Fighting
 + Level 1.2 Long Blades
 - Level 3.0 Polearms
 + Level 5.3 Dodging
 + Level 3.5 Evocations


You had 6 spell levels left.
You didn't know any spells.
Your spell library was empty.

Dungeon Overview and Level Annotations

Branches:
Dungeon (4/15)
 Temple: D:4-7

Altars:


Innate Abilities, Weirdness & Mutations

You cannot wear most types of armour.
You are very stealthy in the water. (Stealth+)
You are amphibious.
You can wear up to eight rings at the same time.
You can use your tentacles to constrict eight enemies at once.
Your skin changes colour to match your surroundings (Stealth+).
Your rubbery body absorbs attacks. (AC +1, EV +1)


Message History

The sky beast flickers out of sight!
Deactivating autopickup; reactivate with Ctrl-A.
Evoke which item? (* to show all) (? for menu, Esc to quit)
Okay, then.
Okay, then.
Unknown command.
Your skin crawls.
You feel resistant to hostile enchantments.
You feel somewhat more hungry.
Unknown command.
Something hits you. Something shocks you.
You barely miss something. Something hits you. Something shocks you.
The gnoll sergeant barely misses you. Something barely misses you.
The gnoll sergeant completely misses you.
The gnoll hits you from afar with a cursed +0 spear.
A red film seems to cover your vision as you go berserk!
You feel yourself moving faster!
You feel mighty!
You are near starving!
Something hits you. Something shocks you. The gnoll sergeant barely misses you.
The gnoll misses you.
You completely miss something. You squeeze something!
A sky beast appears from thin air!
Reactivating autopickup.
The sky beast hits you.
* * * LOW HITPOINT WARNING * * *
The sky beast shocks you.
* * * LOW HITPOINT WARNING * * *
The gnoll sergeant misses you. The gnoll misses you.
The sky beast flickers out of sight!
Deactivating autopickup; reactivate with Ctrl-A.
Something hits you.
* * * LOW HITPOINT WARNING * * *
Something shocks you.
* * * LOW HITPOINT WARNING * * *
You miss something.
The gnoll sergeant hits you from afar with a +1 spear of flaming!
* * * LOW HITPOINT WARNING * * *
The gnoll sergeant burns you.
* * * LOW HITPOINT WARNING * * *
The gnoll hits you from afar with a cursed +0 spear.
* * * LOW HITPOINT WARNING * * *
A sky beast appears from thin air!
Reactivating autopickup.
The sky beast completely misses you.
The gnoll sergeant hits you from afar with a +1 spear of flaming.
You die...

#..≈§.# #...........
#.....+ #####.?.....
#....##########
.......
###...g##......≈♣
.......
...$....gg.....≈.≈
..#####
...$..........#. ..#
####....##...#########
#....##...###..#
##+####..gggY@.#
#...gg...# #+########


You could see a sky beast, a gnoll sergeant and 4 gnolls.

Vanquished Creatures
  An ogre (D:4)
  A howler monkey (D:3)
  A jelly (D:4)
  2 bullfrog skeletons (D:4)
  2 hounds (D:4)
  An orc priest (D:3)
  Crazy Yiuf (D:3)
  An iguana (D:4)
  An orc wizard (D:3)
  2 worker ants (D:4)
  3 adders (D:2)
  An ooze (D:1)
  A worm (D:2)
  5 dart slugs
  A leopard gecko (D:4)
  3 orcs (D:3)
  A ball python (D:4)
  A giant cockroach (D:4)
  4 goblins
  6 hobgoblins
  A quokka (D:3)
  7 bats
  4 frilled lizards
  A kobold (D:2)
  4 rats
  A fungus (D:3)
57 creatures vanquished.

Notes
Turn   | Place    | Note
-------+----------+-------------------------------------------
     0 | D:1      | Flugkiller the Octopode Berserker began the quest for the
                  | Orb.
     0 | D:1      | Reached XP level 1. HP: 16/16 MP: 1/1
   408 | D:1      | Reached XP level 2. HP: 16/21 MP: 2/2
   866 | D:2      | Reached XP level 3. HP: 27/27 MP: 3/3
  1219 | D:2      | Reached XP level 4. HP: 23/33 MP: 4/4
  2071 | D:3      | Reached skill level 1 in Evocations
  2222 | D:3      | Reached ** piety under Trog
  2381 | D:3      | Reached XP level 5. HP: 23/37 MP: 5/5
  2704 | D:3      | Found a runed translucent door.
  2705 | D:3      | Noticed Crazy Yiuf
  2711 | D:3      | Killed Crazy Yiuf
  2916 | D:4      | Noticed an ogre
  2931 | D:4      | Killed an ogre
  2931 | D:4      | Reached XP level 6. HP: 45/45 MP: 7/7
  3033 | D:4      | Reached skill level 5 in Fighting
  3033 | D:4      | Reached skill level 5 in Dodging
  3450 | D:4      | Found the +11 plutonium sword {*Contam Stlth-}
  3555 | D:4      | Reached XP level 7. HP: 50/50 MP: 9/9
  3558 | D:4      | Reached skill level 1 in Long Blades
  4067 | D:4      | You fall into a shaft and drop 2 floors!
  4108 | D:6      | Slain by a gnoll sergeant

Levels and vault maps discovered:
D:1:      dpeg_arrival_court, layout_basic
D:2:      layout_basic, first_ration, minmay_pentomino_x4
D:3:      layout_basic, uniq_crazy_yiuf_cottage
D:4:      layout_loops_cross, hangedman_decor_push
D:6:      layout_gridville, minmay_overflow_temple_star_quad,
          minmay_temple_entry_hall, serial_bayou, serial_bayou_lagoon_b,
          serial_bayou_pond_e, serial_bayou_shore_b, serial_bayou_pond_d

Skill      XL: |  1  2  3  4  5  6  7 |
---------------+----------------------+-----
Fighting       | 4 5 |  5.3
Dodging        | 4 5 |  5.3
Evocations     | 1 2 3 |  3.5
Long Blades    | 1 |  1.2
Polearms       | |  3.0

Action                   |  1- 3 |  4- 6 |  7- 9 || total
-------------------------+-------+-------+-------++-------
Melee: Spear             |    69 |    61 |       ||   130
       Tentacles         |     8 |    20 |     4 ||    32
       Constrict         |    12 |    18 |     2 ||    32
       Quarterstaff      |       |    18 |       ||    18
       Triple sword      |       |     4 |    10 ||    14
Invok: Berserk           |     1 |     2 |     1 ||     4
       Trog's Hand       |       |       |     1 ||     1
  Use: Scroll            |       |       |     2 ||     2
 Stab: Sleeping          |     4 |     4 |       ||     8
       Paralysed         |       |     1 |       ||     1
  Eat: Chunk             |     2 |     6 |     1 ||     9
       Ration            |       |     1 |       ||     1
Armor: Skin              |     4 |     2 |       ||     6
Dodge: Dodged            |    36 |    38 |    16 ||    90
       Rpst.: Triple sword |       |     1 |     2 ||     3

Table legend:
 A = Non-vault XP
 B = Vault XP
 C = Vault XP percentage of total XP
 D = Non-vault monster count
 E = Vault monster count
 F = Vault count percentage of total count
                 A         B        C        D         E       F
            +---------+---------+-------+---------+---------+-------
      Total |     678 |      55 |   7.5 |      53 |       3 |   5.4
            +---------+---------+-------+---------+---------+-------
        D:1 |      15 |       0 |   0.0 |       5 |       0 |   0.0
        D:2 |      66 |      15 |  18.5 |      22 |       2 |   8.3
        D:3 |     152 |      40 |  20.8 |      11 |       1 |   8.3
        D:4 |     445 |       0 |   0.0 |      15 |       0 |   0.0
            +---------+---------+-------+---------+---------+-------
